 Dungeon Crawl Stone Soup version 0.29-a0-338-g1ff7896281 (webtiles) character file.

Game seed: 3359350372773992868

2304 bande the Chopper (level 9, -2/54 HPs)
             Began as a Gargoyle Fighter on Apr 17, 2022.
             Slain by an orc warrior
             ... wielding a +0 glaive
              (12 damage)
             ... on level 6 of the Dungeon.
             The game lasted 00:11:45 (6745 turns).

bande the Chopper (Gargoyle Fighter)                Turns: 6745, Time: 00:11:46

Health: -2/54      AC: 22    Str: 19    XL:     9   Next: 40%
Magic:  9/9        EV:  7    Int: 10    God:
Gold:   367        SH:  5    Dex: 13    Spells: 8/8 levels left

rFire   . . .      SeeInvis .   a - +1 war axe
rCold   . . .      Faith    .   c - +0 buckler
rNeg    + + .      Spirit   .   j - +0 chain mail
rPois   ∞          Reflect  .   k - +1 helmet
rElec   +          Harm     .   (no cloak)
rCorr   .          Rampage  .   e - +2 pair of gloves
Will    .....                   (no boots)
Stlth   ..........              y - amulet of regeneration
HPRegen 0.98/turn               h - ring of positive energy
MPRegen 0.11/turn               (no ring)

@: very slow
A: sickness immunity, AC +6, negative energy resistance 1, electricity
resistance, torment resistance 1, petrification resistance
a: no special abilities


You were on level 6 of the Dungeon.
You visited 1 branch of the dungeon, and saw 6 of its levels.

You collected 377 gold pieces.
You spent 10 gold pieces at shops.

Inventory:

Hand Weapons
 a - a +1 war axe (weapon)
 m - a +2 morningstar of holy wrath
Armour
 c - a +0 buckler (worn)
 e - a +2 pair of gloves (worn)
 j - a +0 chain mail (worn)
 k - a +1 helmet (worn)
Jewellery
 h - a ring of positive energy (left hand)
 x - a ring of fire
 y - an amulet of regeneration (around neck)
Wands
 l - a wand of iceblast (16)
Scrolls
 o - a scroll of amnesia
 p - 2 scrolls of teleportation
 v - a scroll of enchant armour
 z - a scroll of enchant weapon
Potions
 b - a potion of flight
 d - a potion of might
 f - 2 potions of curing
 i - 4 potions of heal wounds
 n - a potion of cancellation
 q - a potion of brilliance
 s - 2 potions of invisibility


   Skills:
 + Level 5.4 Fighting
 + Level 7.7 Axes
 + Level 6.4 Armour
 - Level 0.2 Stealth
 + Level 5.0 Shields
 * Level 4.8 Evocations


You had 8 spell levels left.
You didn't know any spells.
Your spell library contained the following spells:

 Spells                   Type           Power      Damage    Failure   Level
 Magic Dart               Conj           0%         1d3       99%         1
 Call Imp                 Summ           0%         N/A       100%        2
 Mephitic Cloud           Conj/Pois/Air  0%         N/A       100%        3
 Fulminant Prism          Conj/Hex       0%         3d6       100%        4
 Iskenderun's Mystic Bla  Conj/Tloc      0%         2d3       100%        4
 Lee's Rapid Deconstruct  Erth           0%         3d5*      100%        5


Dungeon Overview and Level Annotations

Branches:
Dungeon (6/15)
 Temple: D:4-7

Altars:
Trog

Shops:
D:1 [   D:3 [**!


Innate Abilities, Weirdness & Mutations

You are immune to sickness and miasma.
Your stone body is resilient. (AC +6)
You are immune to poison.
You resist negative energy. (rN+)
You are resistant to electric shocks. (rElec)
You are resistant to unholy torment.
You are immune to petrification.


Message History

The orc warrior hits you but does no damage.
The orc priest casts a cantrip, but nothing happens.
You see here a +0 falchion.
Found a short sword.
The orc hits you but does no damage.
The orc warrior hits you with a +0 glaive.
You block the orc priest's attack. The orc hits you but does no damage.
Unknown command.
The orc warrior barely misses you. You block the orc priest's attack.
The orc warrior closely misses you.
The orc priest hits you but does no damage.
Your unstable footing causes you to fumble your attack.
The orc warrior barely misses you. The orc priest barely misses you.
The orc splashes around in the water.
Unknown command.
You hit the orc priest but do no damage.
The orc priest is heavily wounded.
You slash the plant!
The plant begins to die.
You barely miss the orc.
The orc warrior hits you but does no damage.
The orc priest barely misses you.
The orc splashes around in the water.
Unknown command.
You completely miss the orc priest.
The orc priest is heavily wounded.
You barely miss the orc. You hit the plant but do no damage.
The orc warrior barely misses you.
The orc priest splashes around in the water.
The orc hits you but does no damage.
The orc warrior hits you from afar with a +0 glaive!
* * * LOW HITPOINT WARNING * * *
You hit the orc priest.
The orc priest is severely wounded.
You closely miss the orc. You slash the plant!
A nearby plant withers and dies.
The orc priest hits you with a +0 mace.
* * * LOW HITPOINT WARNING * * *
The orc hits you but does no damage. The orc warrior barely misses you.
The orc priest completely misses you.
You closely miss the orc priest.
The orc priest is severely wounded.
You barely miss the orc. The orc hits you but does no damage.
The orc warrior hits you from afar with a +0 glaive!
You die...

## ....≈≈ #. .....)
### ..###....# ...♣
........#
..P≈♣♣♣.......#
.≈≈P≈≈≈P......#
≈≈≈≈♣≈≈♣......# ...
≈≈≈≈≈≈≈@oo# #.#
≈≈≈≈≈♣≈o)≈# #.#
≈≈≈≈≈≈≈≈≈≈### #.#
≈♣≈≈≈≈≈≈≈♣♣.## #.#
≈P≈≈≈≈♣≈≈≈♣..#####.#
≈P≈≈≈≈≈≈≈≈≈......#.#
≈≈≈≈≈≈≈≈≈♣♣.##...#.#
≈≈≈≈≈≈≈≈≈≈≈♣.....#.#
≈≈≈≈≈≈≈≈♣♣P.#...#.#


You could see an orc warrior, an orc priest and an orc.

Vanquished Creatures
  Pikel (D:5)
  Grinder (D:5)
  Eustachio (D:5)
  A sky beast (D:6)
  An ice beast (D:6)
  2 lemures (D:5)
  2 phantoms
  A kobold brigand (D:4)
  A bullfrog (D:6)
  3 scorpions
  A howler monkey (D:4)
  3 electric eels (D:6)
  2 hounds
  3 jellies
  4 orc priests
  Natasha (thrice) (D:2)
  4 iguanas
  Ijyb (D:5)
  4 orc wizards
  A gnoll (D:1)
  5 adders
  A white imp (D:6)
  2 ufetubi
  2 worms
  2 dart slugs
  16 orcs
  3 bats
  An endoplasm (D:2)
  3 giant cockroaches
  13 goblins
  4 hobgoblins
  8 jackals (D:1)
  4 quokkas
  7 ball pythons
  A frilled lizard (D:1)
  8 kobolds
  6 rats
126 creatures vanquished.

Vanquished Creatures (others)
  34 plants
34 creatures vanquished.

Grand Total: 160 creatures vanquished

Notes
Turn   | Place    | Note
-------+----------+-------------------------------------------
     0 | D:1      | bande the Gargoyle Fighter began the quest for the Orb.
     0 | D:1      | Reached XP level 1. HP: 14/14 MP: 1/1
    94 | D:1      | Reached XP level 2. HP: 13/19 MP: 2/2
   256 | D:1      | Reached skill level 2 in Axes
   429 | D:1      | Found a faded altar of an unknown god.
   565 | D:1      | Found Jacavexi's Armour Shop.
   588 | D:1      | Reached XP level 3. HP: 19/23 MP: 3/3
  1808 | D:2      | Noticed Natasha
  1822 | D:2      | Killed Natasha
  1823 | D:2      | Reached XP level 4. HP: 17/29 MP: 4/4
  2044 | D:2      | Noticed Natasha
  2051 | D:2      | Killed Natasha
  2052 | D:2      | Reached skill level 3 in Axes
  2506 | D:2      | Noticed Natasha
  2512 | D:2      | Killed Natasha
  2513 | D:2      | Reached skill level 1 in Evocations
  2513 | D:2      | Reached XP level 5. HP: 24/33 MP: 5/5
  2602 | D:3      | Found Qodepn's Distillery.
  2602 | D:3      | Found Akeperch's General Store.
  2609 | D:3      | Bought a potion of degeneration for 10 gold pieces
  3243 | D:3      | Reached XP level 6. HP: 38/38 MP: 6/6
  3360 | D:3      | Found Ilal's General Store.
  3538 | D:3      | Found Ipianat's Armour Shop.
  3572 | D:3      | You fall into a shaft and drop 1 floor!
  3597 | D:4      | Reached skill level 4 in Axes
  3659 | D:4      | Reached XP level 7. HP: 24/43 MP: 7/7
  3892 | D:4      | Reached skill level 5 in Axes
  4341 | D:5      | Entered Level 5 of the Dungeon
  4570 | D:5      | Reached XP level 8. HP: 35/48 MP: 8/8
  4694 | D:5      | Noticed Ijyb
  4716 | D:5      | Killed Ijyb
  4729 | D:5      | Found a bloodstained altar of Trog.
  4757 | D:5      | Reached skill level 6 in Axes
  4952 | D:5      | Noticed Eustachio
  5451 | D:6      | Reached skill level 5 in Armour
  5879 | D:5      | Killed Eustachio
  5880 | D:5      | Reached skill level 5 in Fighting
  6259 | D:5      | Noticed Pikel
  6270 | D:5      | Noticed Grinder
  6283 | D:5      | Killed Pikel
  6284 | D:5      | Reached skill level 7 in Axes
  6284 | D:5      | Reached XP level 9. HP: 37/54 MP: 9/9
  6404 | D:5      | Killed Grinder
  6711 | D:6      | Reached skill level 5 in Shields
  6745 | D:6      | Slain by an orc warrior

Illustrated notes

Levels and vault maps discovered:
D:1:      dpeg_arrival_simpleton_b, layout_basic,
          hellmonk_ecumenical_altar_zigzags, serial_shops,
          nicolae_shop_hallway_plus
D:2:      cheibrodos_helix_gallery, layout_basic, uniq_natasha
D:3:      layout_loops_ring, serial_shops, shop, shop, nicolae_shop_waterfront,
          shop_coins, minmay_strange_pillars, grunt_ministairs_6,
          minmay_quadrilaterals
D:4:      layout_cave_pools, minmay_bisected
D:5:      layout_basic, old_standard_altar, serial_bayou_pond_a, uniq_grinder,
          uniq_eustachio, uniq_pikel, uniq_ijyb
D:6:      layout_rooms, overflow_temple_1_default, serial_bayou,
          serial_bayou_lake_a, serial_bayou_lagoon_a, serial_bayou_pond_b,
          serial_bayou_crossing, uniq_duvessa

Skill      XL: |  1  2  3  4  5  6  7  8  9 |
---------------+----------------------------+-----
Axes           | 2 3 4 5 7 |  7.7
Armour         | 4 6 |  6.4
Evocations     | 1 2 3 4 |  4.8
Fighting       | 4 5 |  5.4
Shields        | 4 5 |  5.0
Stealth        | |  0.2

Action                   |  1- 3 |  4- 6 |  7- 9 || total
-------------------------+-------+-------+-------++-------
Melee: War axe           |   108 |   123 |   315 ||   546
  Use: Scroll            |     5 |     3 |    10 ||    18
Armor: Scale mail        |    44 |       |       ||    44
       Chain mail        |    19 |    97 |   233 ||   349
Dodge: Dodged            |    57 |    45 |   101 ||   203
Block: Buckler           |    22 |    35 |    63 ||   120

Table legend: (Time is in decaauts)
 A = Elapsed time spent in this place.
 B = Non-inter-level travel time spent in this place.
 C = Inter-level travel time spent in this place.
 D = Time resting spent in this place.
 E = Time spent auto-exploring this place.
 F = Levels seen in this place.
 G = Mean time per level.
                   A        B        C        D        E       F      G
               +--------+--------+--------+--------+--------+-----+--------+
         Total |   6947 |   6879 |     68 |   1555 |   3628 |   6 | 1157.8 |
       Dungeon |   6947 |   6879 |     68 |   1555 |   3628 |   6 | 1157.8 |
               +--------+--------+--------+--------+--------+-----+--------+

Top non-repeatable levels by time:
     D:5: 1630 daAuts
     D:2: 1549 daAuts
     D:1: 1119 daAuts
     D:4: 1013 daAuts
     D:3: 996 daAuts
     D:6: 638 daAuts
